Map: Traitor's Exile

Players

HerfJones - Winner!

  • Race: Zerg Zerg
  • Spawn Location: 6:00

Throwfordays - Winner!

  • Race: Zerg Zerg
  • League: Bronze
  • Spawn Location: 5:00

VOD

Have the link to the VOD?

Description

Time

  • Played on: Jan. 25, 2019, 1:51 p.m.
  • Length: 25:36
Show
View Real Time Build Order
Export as new Build Order

HerfJones Zerg - Winner!

Build Orders:  

Get SALT Encoding   

  12  0:07  Drone  
  13  0:12  Drone  
  14  0:48  Extractor  
  13  0:51  Drone  
  13  0:55  Overlord  
  14  1:23  Overlord  
  14  1:44  Drone x3  
  17  2:09  Drone  
  18  2:34  Drone  
  18  2:38  Overlord  
  19  3:23  Drone  
  19  3:29  Drone  
  21  3:31  Drone  
  22  3:48  Spawning Pool  
  21  3:53  Evolution Chamber  
  20  4:29  Zerg Melee Weapons Level 1  
  20  4:32  Hatchery  
  20  4:37  Drone x2  
  20  4:38  Drone  
  22  5:12  Extractor  
  21  5:22  Lair  
  21  5:47  Drone x3  
  24  6:17  Drone  
  25  6:29  Drone x2  
  27  6:44  Drone x2  
  29  6:58  Drone x2  
  31  7:09  Zerg Missile Weapons Level 1  
  31  7:31  Drone  
  31  7:32  Drone x2  
  31  7:34  Drone x3  
  37  7:51  Extractor  
  37  7:52  Extractor  
  35  8:25  Overlord  
  35  8:28  Overlord  
  35  8:31  Drone x2  
  35  8:38  Drone x2  
  39  8:40  Metabolic Boost  
  39  9:01  Drone x2  
  41  9:43  Queen  
  41  9:49  Zerg Melee Weapons Level 2  
  43  9:56  Drone x2  
  43  9:57  Drone  
  46  10:06  Overlord  
  46  10:31  Infestation Pit  
  45  11:35  Infestor x3  
  51  11:46  Infestor x3  
  57  12:17  Swarm Host x2  
  63  12:21  Swarm Host  
  63  12:26  Overlord  
  66  12:32  Overlord  
  66  12:59  Zerg Ground Armor Level 1  
  66  13:04  Neural Parasite  
  66  13:14  Infestor  
  66  13:15  Infestor x2  
  72  13:20  Swarm Host  
  72  13:21  Swarm Host  
  78  13:49  Hive  
  78  14:54  Pathogen Glands  
  78  15:39  Zerg Missile Weapons Level 2  
  78  15:46  Viper x2  
  78  15:49  Overlord  
  84  15:52  Overlord  
  84  15:53  Overlord x2  
  84  16:37  Adrenal Overload  
  84  16:47  Burrow  
  84  18:49  Zerg Melee Weapons Level 3  
  77  22:09  Infestor  
  77  22:10  Infestor  
  77  22:15  Infestor  
  77  22:16  Infestor  
  77  22:18  Infestor  
  77  22:19  Infestor  
  77  22:22  Infestor  
  77  24:13  Infestor  
  77  24:14  Infestor  
  77  24:19  Infestor x2  
Show
View Real Time Build Order
Export as new Build Order

Throwfordays Zerg - Winner!

Build Orders:  

Get SALT Encoding   

  12  0:02  Drone  
  13  0:18  Overlord  
  13  0:25  Drone  
  14  0:45  Drone  
  14  0:48  Drone  
  16  0:55  Drone  
  17  1:06  Spawning Pool  
  16  1:12  Drone  
  17  1:20  Extractor  
  17  1:23  Drone  
  17  1:37  Drone  
  18  1:50  Overlord  
  18  2:11  Queen  
  20  2:24  Drone  
  20  2:26  Drone  
  22  2:44  Extractor  
  21  3:01  Queen  
  23  3:18  Drone  
  23  3:19  Drone x2  
  26  3:51  Pneumatized Carapace  
  26  4:05  Drone, Hatchery  
  26  4:07  Drone  
  26  4:08  Drone x2  
  29  4:41  Evolution Chamber  
  29  4:43  Roach Warren, Hatchery  
  29  4:47  Zergling x2  
  29  4:48  Zergling x6  
  30  4:53  Overlord  
  30  5:06  Overlord  
  30  5:26  Zerg Missile Weapons Level 1  
  30  5:31  Drone  
  30  5:32  Drone x3  
  34  6:14  Extractor  
  34  6:19  Queen  
  35  6:22  Drone  
  35  6:23  Drone  
  35  6:24  Drone  
  38  6:30  Drone x2  
  38  6:31  Drone  
  41  6:47  Drone  
  41  6:48  Lair, Drone x2  
  44  6:51  Drone  
  44  6:55  Drone  
  44  6:58  Drone  
  47  7:02  Drone  
  48  7:25  Drone x2  
  48  7:26  Drone  
  51  7:30  Drone x2  
  51  7:35  Overlord x2  
  53  7:43  Drone x3  
  53  7:48  Drone  
  57  7:57  Drone  
  58  8:04  Drone x3  
  58  8:08  Drone  
  62  8:15  Extractor  
  62  8:16  Drone  
  62  8:29  Queen  
  64  8:31  Drone x3  
  67  8:40  Extractor  
  67  8:42  Extractor  
  67  8:46  Drone  
  67  8:47  Drone  
  67  8:51  Drone  
  67  8:59  Zergling x6  
  71  9:11  Roach  
  71  9:16  Overlord x2  
  72  9:42  Drone  
  72  9:45  Drone  
  74  9:50  Drone x3  
  75  10:28  Roach  
  75  10:29  Roach x2  
  81  10:34  Drone  
  81  10:36  Drone  
  81  10:37  Drone x3  
  86  10:45  Overlord  
  86  10:49  Overlord  
  86  10:50  Overlord x5  
  86  11:19  Roach x2  
  69  11:20  Roach x2  
  90  11:23  Roach x2  
  90  11:24  Roach  
  90  11:28  Roach  
  90  11:29  Roach  
  104  11:41  Roach  
  106  11:59  Hatchery  
  105  12:08  Roach x2  
  109  12:13  Roach x3  
  115  12:29  Hydralisk Den  
  114  12:32  Evolution Chamber  
  114  12:39  Zerg Missile Weapons Level 2  
  113  12:49  Infestation Pit  
  112  12:50  Drone x2  
  112  12:51  Drone  
  112  12:54  Roach x4  
  112  12:55  Roach  
  125  13:00  Overlord x4  
  125  13:03  Overlord  
  125  13:04  Overlord x2  
  125  13:31  Metabolic Boost  
  125  13:49  Queen  
  127  13:51  Drone  
  128  14:11  Drone  
  128  14:16  Hydralisk x2  
  128  14:17  Hydralisk x3  
  139  14:22  Hydralisk x3  
  139  14:23  Hydralisk x3  
  139  14:27  Hydralisk x2  
  139  14:28  Hydralisk x4  
  163  14:43  Glial Reconstitution  
  163  15:03  Drone x3  
  166  15:12  Hydralisk x2  
  166  15:16  Hydralisk x3  
  176  15:21  Hydralisk x2  
  176  15:22  Hydralisk  
  182  15:30  Zerg Ground Armor Level 1  
  182  15:42  Nydus Network  
  182  15:46  Spire  
  179  15:52  Spire  
  178  16:28  Unknown  
  178  16:33  Tunneling Claws  
  178  17:31  Zerg Melee Weapons Level 1  
  178  18:05  Hive  
  178  18:08  Unknown  
  178  18:22  Zerg Ground Armor Level 2  
  178  18:44  Mutalisk  
  178  18:45  Mutalisk x4  
  178  18:49  Mutalisk x2  
  114  18:50  Mutalisk x2  
  192  18:54  Mutalisk  
  191  20:35  Greater Spire  
  191  20:37  Zerg Flyer Weapons Level 1  
  189  22:53  Zerg Flyer Armor Level 1  
  189  23:15  Adrenal Overload  
Tags
 
League
Bronze
Matchup
Co-op
Replay Pack
Multiplayer
Add a new tag
Caveats
  • Supply blocks, unpowered buildings, or Contaminate may cause inaccurate times.
  • Supply counts are checked every 10 seconds.